Blues vs Flames
Created - 8 décembre 2016 at 19:28
Goals
|
| Blues |
2 |
0 |
0 |
2 |
| Flames |
0 |
2 |
1 |
3 |
|
Shots
|
| Blues |
14 |
1 |
10 |
25 |
| Flames |
6 |
5 |
13 |
24 |
|
1st period
1. Blues , Guillaume Latendresse 4 (Sergei Shirokov) at 1:40
2. Blues , Travis Zajac 7 (Jake Gardiner) at 4:00 (PP)
Penalties :
Tomas Kaberle (Cal) for Slashing (Minor) at 3:28
2nd period
3. Flames , Alexander Semin 14 (Eric Staal, David Backes) at 1:41
4. Flames , Jordin Tootoo 11 (Brad Marchand, Patrik Berglund) at 13:32 (PP)
Penalties :
Drew Fata (STL) for Holding (Minor) at 8:00, Travis Zajac (STL) for Holding (Minor) at 11:33, Brendan Mikkelson (Cal) for Close Hand On Puck (Minor) at 14:52
3rd period
5. Flames , David Backes 5 (Erik Johnson, Eric Staal) at 10:22 (PP)
Penalties :
David Perron (STL) for Interference (Minor) at 1:37, Eric Staal (Cal) for Hooking (Minor) at 1:41, Tomas Kaberle (Cal) for Hooking (Minor) at 5:58, Nicklas Backstrom (STL) for Interference (Minor) at 10:04, Jordin Tootoo (Cal) for Holding (Minor) at 11:48, Steve Regier (Cal) for High sticking (Minor) at 15:54, Jake Gardiner (STL) for Elbowing (Minor) at 18:45
Goalie Stats
Tuukka Rask (STL), 21 saves from 24 shots - (0,875), L, 7-6-3, 60:00 minutes
Craig Anderson (Cal), 23 saves from 25 shots - (0,920), W, 2-1-0, 60:00 minutes
Players Stats for Blues
Player Name G A P +/- PIM S H SB GA TA FO MP PP MP PK MP
------------------------------------------------------------------------------------
Alex Pietrangelo 0 0 0 -1 0 3 0 1 0 0 0/0 24:57 5:04 1:17
Darren Reid 0 0 0 0 0 2 0 1 0 0 0/0 7:38 0:06 0:00
David Perron 0 0 0 0 2 1 0 0 0 0 1/1 18:52 4:49 0:00
Drew Fata 0 0 0 -1 2 2 2 6 0 1 0/0 22:54 0:04 2:50
Guillaume Latendresse 1 0 1 1 0 3 0 1 0 0 0/0 17:05 3:47 0:35
Jake Gardiner 0 1 1 0 2 0 1 0 0 1 0/0 22:09 5:00 2:05
Joe Pavelski 0 0 0 0 0 2 1 1 1 0 1/2 18:34 4:39 0:00
Kevin Porter 0 0 0 0 0 0 1 0 0 1 0/0 7:53 0:06 0:15
Lasse Kukkonen 0 0 0 1 0 0 0 1 0 0 0/0 16:48 3:28 0:39
Nicklas Backstrom 0 0 0 0 2 1 3 0 0 0 14/27 20:54 4:43 1:01
Nik Antropov 0 0 0 -1 0 1 0 0 0 0 6/14 14:07 0:00 3:38
Paul Kariya 0 0 0 -1 0 1 1 0 0 1 0/0 10:29 0:00 0:00
Sergei Shirokov 0 1 1 1 0 4 6 0 1 0 1/3 17:22 3:43 1:12
Taylor Pyatt 0 0 0 0 0 1 1 1 0 1 0/0 11:18 0:00 3:47
Tomas Kopecky 0 0 0 -1 0 0 2 0 0 0 0/0 11:01 0:00 0:00
Travis Hamonic 0 0 0 0 0 1 1 1 0 0 0/0 19:53 3:28 4:17
Travis Zajac 1 0 1 1 2 3 0 0 1 0 6/8 17:08 3:43 0:40
Yann Sauvé 0 0 0 1 0 0 2 1 0 0 0/0 13:24 0:00 0:00
Players Stats for Flames
Player Name G A P +/- PIM S H SB GA TA FO MP PP MP PK MP
------------------------------------------------------------------------------------
Alexander Semin 1 0 1 0 0 2 2 0 0 1 0/0 22:23 3:00 3:05
Brad Marchand 0 1 1 0 0 0 2 0 0 0 0/0 10:41 0:06 2:11
Brendan Mikkelson 0 0 0 0 2 0 2 0 0 0 0/0 13:26 2:31 0:45
Cam Janssen 0 0 0 0 0 2 0 0 0 0 0/0 7:43 0:06 0:00
Colin Wilson 0 0 0 0 0 2 1 0 0 0 1/2 8:10 0:00 0:09
David Backes 1 1 2 0 0 2 0 0 1 0 0/1 17:58 3:00 0:00
Derek Meech 0 0 0 0 0 0 1 0 0 0 0/0 21:45 2:31 0:41
Eric Staal 0 2 2 0 2 3 1 0 0 1 13/26 21:51 2:59 3:16
Erik Johnson 0 1 1 0 0 3 0 1 0 0 0/0 21:08 3:03 3:16
Jordin Tootoo 1 0 1 0 2 4 0 1 0 0 1/1 17:00 0:06 3:36
Marcel Goc 0 0 0 0 0 1 1 0 0 0 4/7 13:38 0:00 4:22
Mark Bell 0 0 0 0 0 1 0 0 0 0 0/1 12:48 0:00 0:22
Michel Ouellet 0 0 0 0 0 0 0 0 1 0 0/0 10:59 2:28 0:00
Patrik Berglund 0 1 1 0 0 1 3 0 1 0 7/17 14:08 2:28 0:00
Ron Hainsey 0 0 0 0 0 0 1 3 0 0 0/0 15:27 0:00 5:12
Steve Eminger 0 0 0 0 0 0 1 4 1 0 0/0 25:32 0:00 4:31
Steve Regier 0 0 0 0 2 2 2 0 0 0 0/0 12:14 2:28 0:03
Tomas Kaberle 0 0 0 0 4 1 1 2 1 1 0/0 22:36 3:03 2:39
3 Stars
1 - David Backes (Cal)
2 - Sergei Shirokov (STL)
3 - Guillaume Latendresse (STL)
Power Play
Blues - 1 on 6 Attempt(s) - 16,67%
Flames - 2 on 5 Attempt(s) - 40,00%
Penalty Kill
Blues - 3 on 5 Attempt(s) - 60,00%
- Score 0 goal in Penalty Kill
Flames - 5 on 6 Attempt(s) - 83,33%
- Score 0 goal in Penalty Kill
Team Stat
Blues - Hits : 21 - Faceoff Wins : 29 - Blocked Shots : 14 - Penalty Minutes : 10
Flames - Hits : 18 - Faceoff Wins : 26 - Blocked Shots : 11 - Penalty Minutes : 12
Official
Referees : Martell Rob and McCreary Bill
Linesman : Mike Cvik and Dan Schachte
Game Notes
No Game Note
Finance
Level 1 -- Attendance: 4514 (75,23%) -- Ticket Income 401 746 $
Level 2 -- Attendance: 4010 (80,20%) -- Ticket Income 228 570 $
Level 3 -- Attendance: 1651 (82,55%) -- Ticket Income 54 483 $
Level 4 -- Attendance: 3401 (85,03%) -- Ticket Income 78 223 $
Luxury Box -- Attendance: 686 (68,60%) -- Ticket Income 129 654 $
Game was played at the Metal Center.
Total Attendance: 14262 (79,23%)
Total Ticket Income: 892 676 $
Other Income: 133 901 $
Total Income: 1 026 577 $
Blues
5 vs 5 Forward
Center Left Wing Right Wing Time % Phy DF OF
1 Nicklas Backstrom David Perron Joe Pavelski 40 1 2 2
2 Travis Zajac Guillaume Latendresse Sergei Shirokov 30 1 2 2
3 Nik Antropov Paul Kariya Tomas Kopecky 20 1 2 2
4 Kevin Porter Taylor Pyatt Darren Reid 10 1 2 2
5 vs 5 Defense
Defense Defense Time % Phy DF OF
1 Drew Fata Alex Pietrangelo 40 1 2 2
2 Travis Hamonic Jake Gardiner 30 1 2 2
3 Yann Sauvé Lasse Kukkonen 20 1 2 2
4 Jake Gardiner Drew Fata 10 1 2 2
PowerPlay Forward
Center Left Wing Right Wing Time % Phy DF OF
1 Nicklas Backstrom David Perron Joe Pavelski 60 1 2 2
2 Travis Zajac Guillaume Latendresse Sergei Shirokov 40 1 2 2
PowerPlay Defense
Defense Defense Time % Phy DF OF
1 Jake Gardiner Alex Pietrangelo 60 1 2 2
2 Travis Hamonic Lasse Kukkonen 40 1 2 2
Penalty Kill 4 Players Forward
Center Wing Time % Phy DF OF
1 Nik Antropov Taylor Pyatt 60 1 2 2
2 Travis Zajac Sergei Shirokov 40 1 2 2
Penalty Kill 4 Players Defense
Defense Defense Time % Phy DF OF
1 Travis Hamonic Drew Fata 60 1 2 2
2 Alex Pietrangelo Drew Fata 40 1 2 2
Penalty Kill - 3 Players Forward
Forward Time % Phy DF OF
1 Nik Antropov 60 1 2 2
2 Taylor Pyatt 40 1 2 2
Penalty Kill - 3 Players Defense
Defense Defense Time % Phy DF OF
1 Travis Hamonic Jake Gardiner 60 1 2 2
2 Alex Pietrangelo Drew Fata 40 1 2 2
4 vs 4 Forward
Center Wing Time % Phy DF OF
1 Travis Zajac David Perron 60 1 2 2
2 Nicklas Backstrom Guillaume Latendresse 40 1 2 2
4 vs 4 Defense
Defense Defense Time % Phy DF OF
1 Drew Fata Alex Pietrangelo 60 1 2 2
2 Yann Sauvé Jake Gardiner 40 1 2 2
Last Minutes Offensive
Center Left Wing Right Wing Defense Defense
Nicklas Backstrom David Perron Joe Pavelski Jake Gardiner Alex Pietrangelo
Last Minutes Defensive
Center Left Wing Right Wing Defense Defense
Nik Antropov Guillaume Latendresse Darren Reid Travis Hamonic Drew Fata
Goaltenders
Starting : Tuukka Rask
Backup : Ilya Bryzgalov
Extra Forwards
Normal : Nicklas Backstrom, Sergei Shirokov, Tomas Kopecky - PP : Nicklas Backstrom, David Perron - PK : Taylor Pyatt
Extra Defensemen
Normal : Drew Fata, Lasse Kukkonen, Jake Gardiner - PP : Yann Sauvé - PK : Travis Hamonic, Jake Gardiner
Penalty Shots
David Perron, Guillaume Latendresse, Joe Pavelski, Travis Zajac, Nik Antropov
Flames
5 vs 5 Forward
Center Left Wing Right Wing Time % Phy DF OF
1 Eric Staal Alexander Semin David Backes 39 1 2 2
2 Patrik Berglund Mark Bell Jordin Tootoo 30 1 2 2
3 Marcel Goc Steve Regier Michel Ouellet 21 1 2 2
4 Colin Wilson Brad Marchand Cam Janssen 10 1 2 2
5 vs 5 Defense
Defense Defense Time % Phy DF OF
1 Derek Meech Steve Eminger 40 1 2 2
2 Tomas Kaberle Erik Johnson 30 1 2 2
3 Ron Hainsey Brendan Mikkelson 20 1 2 2
4 Tomas Kaberle Steve Eminger 10 1 2 2
PowerPlay Forward
Center Left Wing Right Wing Time % Phy DF OF
1 Eric Staal Alexander Semin David Backes 60 1 1 3
2 Patrik Berglund Steve Regier Michel Ouellet 40 1 1 3
PowerPlay Defense
Defense Defense Time % Phy DF OF
1 Tomas Kaberle Erik Johnson 60 1 1 3
2 Derek Meech Brendan Mikkelson 40 1 1 3
Penalty Kill 4 Players Forward
Center Wing Time % Phy DF OF
1 Marcel Goc Jordin Tootoo 60 1 3 1
2 Eric Staal Alexander Semin 40 1 3 1
Penalty Kill 4 Players Defense
Defense Defense Time % Phy DF OF
1 Ron Hainsey Steve Eminger 60 1 4 0
2 Tomas Kaberle Erik Johnson 40 1 4 0
Penalty Kill - 3 Players Forward
Forward Time % Phy DF OF
1 Eric Staal 60 1 4 0
2 Alexander Semin 40 1 4 0
Penalty Kill - 3 Players Defense
Defense Defense Time % Phy DF OF
1 Ron Hainsey Steve Eminger 60 1 4 0
2 Tomas Kaberle Erik Johnson 40 1 4 0
4 vs 4 Forward
Center Wing Time % Phy DF OF
1 Eric Staal Alexander Semin 60 1 2 2
2 Patrik Berglund Jordin Tootoo 40 1 2 2
4 vs 4 Defense
Defense Defense Time % Phy DF OF
1 Derek Meech Steve Eminger 60 1 2 2
2 Tomas Kaberle Erik Johnson 40 1 2 2
Last Minutes Offensive
Center Left Wing Right Wing Defense Defense
Eric Staal Alexander Semin David Backes Erik Johnson Steve Eminger
Last Minutes Defensive
Center Left Wing Right Wing Defense Defense
Eric Staal Alexander Semin David Backes Erik Johnson Steve Eminger
Goaltenders
Starting : Craig Anderson
Backup : Pekka Rinne
Extra Forwards
Normal : Alexander Semin, Jordin Tootoo, Steve Regier - PP : Jordin Tootoo, Steve Regier - PK : Brad Marchand
Extra Defensemen
Normal : Erik Johnson, Tomas Kaberle, Ron Hainsey - PP : Steve Eminger - PK : Erik Johnson, Derek Meech
Penalty Shots
Eric Staal, Alexander Semin, Patrik Berglund, David Backes, Colin Wilson
% Time on Ice - Blues
Lines # - Real PCT - Wanted PCT - Time Play
Normal Forward
1 - 32% - 40% - 14:11
2 - 27% - 30% - 11:48
3 - 24% - 20% - 10:29
4 - 17% - 10% - 7:31
Normal Defense
1 - 40% - 40% - 17:35
2 - 27% - 30% - 12:05
3 - 29% - 20% - 12:33
4 - 4% - 10% - 1:46
PP Forward
1 - 56% - 60% - 4:49
2 - 44% - 40% - 3:43
PP Defense
1 - 59% - 60% - 5:04
2 - 41% - 40% - 3:28
PK Forward
1 - 78% - 60% - 4:22
2 - 22% - 40% - 1:12
PK Defense
1 - 77% - 60% - 4:17
2 - 23% - 40% - 1:17
PK3 Forward
1 - 0% - 60%
2 - 0% - 40%
PK3 Defense
1 - 0% - 60%
2 - 0% - 40%
44 Forward
1 - 100% - 60% - 1:55
2 - 0% - 40% - 0:00
44 Defense
1 - 56% - 60% - 1:04
2 - 44% - 40% - 0:51
Last Minute Offensive - 0:00
Last Minute Defensive - 0:00
Total
Forward - 60:00
Defense - 60:00
|
% Time on Ice - Flames
Lines # - Real PCT - Wanted PCT - Time Play
Normal Forward
1 - 36% - 39% - 15:59
2 - 27% - 30% - 11:52
3 - 19% - 21% - 8:31
4 - 17% - 10% - 7:37
Normal Defense
1 - 42% - 40% - 18:29
2 - 32% - 30% - 14:00
3 - 21% - 20% - 9:08
4 - 5% - 10% - 2:22
PP Forward
1 - 56% - 60% - 3:06
2 - 44% - 40% - 2:28
PP Defense
1 - 55% - 60% - 3:03
2 - 45% - 40% - 2:31
PK Forward
1 - 82% - 60% - 6:58
2 - 18% - 40% - 1:34
PK Defense
1 - 62% - 60% - 5:16
2 - 38% - 40% - 3:16
PK3 Forward
1 - 0% - 60%
2 - 0% - 40%
PK3 Defense
1 - 0% - 60%
2 - 0% - 40%
44 Forward
1 - 100% - 60% - 1:55
2 - 0% - 40% - 0:00
44 Defense
1 - 58% - 60% - 1:07
2 - 42% - 40% - 0:48
Last Minute Offensive - 0:00
Last Minute Defensive - 0:00
Total
Forward - 60:00
Defense - 60:00
|
Play by Play
1st period
0:01 of 1st period - Nicklas Backstrom wins face-off versus Eric Staal in neutral zone.
0:26 of 1st period - Derek Meech is hit by Drew Fata and loses puck.
0:45 of 1st period - Wrist shot by Steve Regier.
0:45 of 1st period - Deflect By Marcel Goc.
0:45 of 1st period - Stopped by Tuukka Rask with a rebound.
0:47 of 1st period - Snap shot by Steve Regier.
0:47 of 1st period - Stopped by Tuukka Rask with a rebound.
0:55 of 1st period - Wrist shot by Michel Ouellet.
0:55 of 1st period - Shot Misses the Net.
1:30 of 1st period - Off-side.
1:31 of 1st period - Sergei Shirokov wins face-off versus Eric Staal in neutral zone.
1:40 of 1st period - Snap shot by Guillaume Latendresse.
1:40 of 1st period - Goal by Guillaume Latendresse - Blues : 1 - Flames : 0.
1:41 of 1st period - Patrik Berglund wins face-off versus Nicklas Backstrom in neutral zone.
1:54 of 1st period - Patrik Berglund is hit by Travis Hamonic and loses puck.
2:04 of 1st period - Icing by Ron Hainsey.
2:05 of 1st period - Eric Staal wins face-off versus Nik Antropov in Flames zone.
2:41 of 1st period - Snap shot by Steve Regier.
2:41 of 1st period - Shot Misses the Net.
3:03 of 1st period - Wrist shot by Guillaume Latendresse.
3:03 of 1st period - Stopped by Craig Anderson with a rebound.
3:21 of 1st period - Slapshot by Jake Gardiner.
3:21 of 1st period - Shot Misses the Net.
3:23 of 1st period - Wrist shot by Paul Kariya.
3:23 of 1st period - Stopped by Craig Anderson without a rebound.
3:24 of 1st period - Nicklas Backstrom wins face-off versus Eric Staal in Flames zone.
3:28 of 1st period - Minor Penalty to Tomas Kaberle for Slashing.
3:29 of 1st period - Marcel Goc wins face-off versus Nicklas Backstrom in Flames zone.
3:55 of 1st period - Steve Eminger is hit by Jake Gardiner and loses puck.
4:00 of 1st period - Snap shot by Travis Zajac.
4:00 of 1st period - Goal by Travis Zajac - Blues : 2 - Flames : 0.
4:01 of 1st period - Eric Staal wins face-off versus Nicklas Backstrom in neutral zone.
4:42 of 1st period - Wrist shot by Mark Bell.
4:42 of 1st period - Stopped by Tuukka Rask with a rebound.
6:00 of 1st period - Snap shot by Guillaume Latendresse.
6:00 of 1st period - Stopped by Craig Anderson without a rebound.
6:01 of 1st period - Travis Zajac wins face-off versus Patrik Berglund in Flames zone.
6:12 of 1st period - Slapshot by Travis Zajac.
6:12 of 1st period - Stopped by Craig Anderson with a rebound.
6:14 of 1st period - Snap shot by Sergei Shirokov.
6:14 of 1st period - Deflect By Jordin Tootoo.
6:14 of 1st period - Stopped by Craig Anderson without a rebound.
6:15 of 1st period - Eric Staal wins face-off versus Nicklas Backstrom in Flames zone.
6:23 of 1st period - Off-side.
6:24 of 1st period - Nicklas Backstrom wins face-off versus Eric Staal in neutral zone.
6:35 of 1st period - Wrist shot by Nicklas Backstrom.
6:35 of 1st period - Stopped by Craig Anderson with a rebound.
6:37 of 1st period - Slapshot by Drew Fata.
6:37 of 1st period - Stopped by Craig Anderson with a rebound.
6:39 of 1st period - Wrist shot by David Perron.
6:39 of 1st period - Shot Misses the Net.
7:01 of 1st period - Backhand shot by David Backes.
7:01 of 1st period - Shot Blocked by Drew Fata.
7:15 of 1st period - Snap shot by Joe Pavelski.
7:15 of 1st period - Stopped by Craig Anderson with a rebound.
7:17 of 1st period - Snap shot by Drew Fata.
7:17 of 1st period - Shot Misses the Net.
7:19 of 1st period - Slapshot by Drew Fata.
7:19 of 1st period - Stopped by Craig Anderson without a rebound.
7:20 of 1st period - Travis Zajac wins face-off versus Patrik Berglund in Flames zone.
7:29 of 1st period - Slapshot by Travis Zajac.
7:29 of 1st period - Shot Blocked by Jordin Tootoo.
7:54 of 1st period - Slapshot by Lasse Kukkonen.
7:54 of 1st period - Shot Blocked by Steve Eminger.
8:49 of 1st period - Brendan Mikkelson is hit by Tomas Kopecky.
9:24 of 1st period - Slapshot by Erik Johnson.
9:24 of 1st period - Shot Blocked by Drew Fata.
9:26 of 1st period - Snap shot by Mark Bell.
9:26 of 1st period - Shot Misses the Net.
10:03 of 1st period - Snap shot by Colin Wilson.
10:03 of 1st period - Stopped by Tuukka Rask with a rebound.
10:05 of 1st period - Backhand shot by Cam Janssen.
10:05 of 1st period - Shot Blocked by Lasse Kukkonen.
10:27 of 1st period - Wrist shot by Guillaume Latendresse.
10:27 of 1st period - Shot Misses the Net.
10:29 of 1st period - Backhand shot by Jake Gardiner.
10:29 of 1st period - Shot Blocked by Steve Eminger.
10:31 of 1st period - Slapshot by Travis Hamonic.
10:31 of 1st period - Stopped by Craig Anderson with a rebound.
11:05 of 1st period - Wrist shot by Eric Staal.
11:05 of 1st period - Stopped by Tuukka Rask without a rebound.
11:06 of 1st period - Eric Staal wins face-off versus Nicklas Backstrom in Blues zone.
11:32 of 1st period - Eric Staal is hit by Sergei Shirokov and loses puck.
11:48 of 1st period - Drew Fata is hit by Tomas Kaberle and loses puck.
12:01 of 1st period - Erik Johnson is hit by Sergei Shirokov and loses puck.
13:13 of 1st period - Slapshot by Guillaume Latendresse.
13:13 of 1st period - Deflect By Sergei Shirokov.
13:13 of 1st period - Stopped by Craig Anderson without a rebound.
13:14 of 1st period - Nicklas Backstrom wins face-off versus Patrik Berglund in Flames zone.
14:52 of 1st period - Snap shot by Colin Wilson.
14:52 of 1st period - Stopped by Tuukka Rask with a rebound.
15:37 of 1st period - Nicklas Backstrom is hit by Brendan Mikkelson and loses puck.
16:23 of 1st period - David Perron is hit by Steve Regier and loses puck.
16:41 of 1st period - Drew Fata is hit by Patrik Berglund and loses puck.
17:58 of 1st period - Wrist shot by Taylor Pyatt.
17:58 of 1st period - Stopped by Craig Anderson with a rebound.
18:10 of 1st period - Ron Hainsey is hit by Nicklas Backstrom and loses puck.
18:42 of 1st period - Alex Pietrangelo is hit by Colin Wilson and loses puck.
19:07 of 1st period - Slapshot by Jordin Tootoo.
19:07 of 1st period - Shot Misses the Net.
19:54 of 1st period - Wrist shot by Michel Ouellet.
19:54 of 1st period - Shot Misses the Net.
Goals for this period are 2 for Blues vs 0 for Flames.
Shots for this period are 14 for Blues vs 6 for Flames.
2nd period
0:01 of 2nd period - Patrik Berglund wins face-off versus Nicklas Backstrom in neutral zone.
0:26 of 2nd period - Eric Staal is hit by Sergei Shirokov and loses puck.
0:33 of 2nd period - Wrist shot by Travis Zajac.
0:33 of 2nd period - Shot Misses the Net.
0:35 of 2nd period - Wrist shot by Sergei Shirokov.
0:35 of 2nd period - Stopped by Craig Anderson without a rebound.
0:36 of 2nd period - Travis Zajac wins face-off versus Patrik Berglund in Flames zone.
1:18 of 2nd period - Tomas Kaberle is hit by Joe Pavelski.
1:39 of 2nd period - Snap shot by Eric Staal.
1:39 of 2nd period - Shot Misses the Net.
1:41 of 2nd period - Snap shot by Alexander Semin.
1:41 of 2nd period - Goal by Alexander Semin - Blues : 2 - Flames : 1.
1:42 of 2nd period - Nicklas Backstrom wins face-off versus Patrik Berglund in neutral zone.
1:46 of 2nd period - Icing by Derek Meech.
1:47 of 2nd period - Patrik Berglund wins face-off versus Nicklas Backstrom in Flames zone.
2:02 of 2nd period - Slapshot by David Perron.
2:02 of 2nd period - Shot Blocked by Steve Eminger.
2:16 of 2nd period - Snap shot by Alexander Semin.
2:16 of 2nd period - Shot Blocked by Guillaume Latendresse.
2:22 of 2nd period - Wrist shot by Sergei Shirokov.
2:22 of 2nd period - Shot Misses the Net.
2:24 of 2nd period - Wrist shot by Sergei Shirokov.
2:24 of 2nd period - Shot Misses the Net.
3:50 of 2nd period - Slapshot by Alex Pietrangelo.
3:50 of 2nd period - Shot Misses the Net.
4:28 of 2nd period - Slapshot by Taylor Pyatt.
4:28 of 2nd period - Shot Blocked by Tomas Kaberle.
4:30 of 2nd period - Snap shot by Darren Reid.
4:30 of 2nd period - Deflect By Taylor Pyatt.
4:30 of 2nd period - Shot Blocked by Erik Johnson.
4:30 of 2nd period - Puck is out of play.
4:31 of 2nd period - Nicklas Backstrom wins face-off versus Eric Staal in Flames zone.
4:38 of 2nd period - Snap shot by David Perron.
4:38 of 2nd period - Shot Misses the Net.
5:08 of 2nd period - Sergei Shirokov is hit by Patrik Berglund and loses puck.
6:09 of 2nd period - Wrist shot by Patrik Berglund.
6:09 of 2nd period - Shot Misses the Net.
6:50 of 2nd period - Wrist shot by Cam Janssen.
6:50 of 2nd period - Shot Misses the Net.
6:52 of 2nd period - Wrist shot by Cam Janssen.
6:52 of 2nd period - Stopped by Tuukka Rask without a rebound.
6:53 of 2nd period - Colin Wilson wins face-off versus Nicklas Backstrom in Blues zone.
8:00 of 2nd period - Minor Penalty to Drew Fata for Holding.
8:01 of 2nd period - Nik Antropov wins face-off versus Eric Staal in Blues zone.
8:28 of 2nd period - Icing by Alexander Semin.
8:29 of 2nd period - Nik Antropov wins face-off versus Eric Staal in Flames zone.
8:44 of 2nd period - Slapshot by Steve Regier.
8:44 of 2nd period - Deflect By Patrik Berglund.
8:44 of 2nd period - Shot Misses the Net.
8:44 of 2nd period - Puck is out of play.
8:45 of 2nd period - Patrik Berglund wins face-off versus Nik Antropov in Blues zone.
9:20 of 2nd period - Wrist shot by Steve Regier.
9:20 of 2nd period - Stopped by Tuukka Rask with a rebound.
9:22 of 2nd period - Slapshot by Brendan Mikkelson.
9:22 of 2nd period - Shot Blocked by Alex Pietrangelo.
10:00 of 2nd period - Penalty to Drew Fata is over, Drew Fata is back on ice.
10:48 of 2nd period - Taylor Pyatt is hit by Brad Marchand and loses puck.
11:02 of 2nd period - Icing by Drew Fata.
11:03 of 2nd period - Eric Staal wins face-off versus Nicklas Backstrom in Blues zone.
11:04 of 2nd period - Snap shot by David Backes.
11:04 of 2nd period - Shot Blocked by Joe Pavelski.
11:06 of 2nd period - Snap shot by Eric Staal.
11:06 of 2nd period - Stopped by Tuukka Rask with a rebound.
11:08 of 2nd period - Snap shot by David Backes.
11:08 of 2nd period - Shot Blocked by Drew Fata.
11:33 of 2nd period - Minor Penalty to Travis Zajac for Holding.
11:34 of 2nd period - Eric Staal wins face-off versus Nik Antropov in Blues zone.
11:51 of 2nd period - Slapshot by Erik Johnson.
11:51 of 2nd period - Shot Misses the Net.
12:09 of 2nd period - Drew Fata is hit by Brendan Mikkelson and loses puck.
13:32 of 2nd period - Snap shot by Jordin Tootoo.
13:32 of 2nd period - Goal by Jordin Tootoo - Blues : 2 - Flames : 2.
13:33 of 2nd period - Nicklas Backstrom wins face-off versus Mark Bell in neutral zone.
14:00 of 2nd period - Steve Eminger is hit by Yann Sauvé.
14:33 of 2nd period - Icing by Travis Zajac.
14:34 of 2nd period - Eric Staal wins face-off versus Sergei Shirokov in Blues zone.
14:43 of 2nd period - Wrist shot by Guillaume Latendresse.
14:43 of 2nd period - Shot Blocked by Ron Hainsey.
14:52 of 2nd period - Minor Penalty to Brendan Mikkelson for Close Hand On Puck.
14:53 of 2nd period - Marcel Goc wins face-off versus Nicklas Backstrom in Flames zone.
15:31 of 2nd period - Brad Marchand is hit by Nicklas Backstrom and loses puck.
16:52 of 2nd period - Penalty to Brendan Mikkelson is over, Brendan Mikkelson is back on ice.
17:00 of 2nd period - Cam Janssen is hit by Paul Kariya and loses puck.
18:55 of 2nd period - Slapshot by Steve Eminger.
18:55 of 2nd period - Shot Blocked by Drew Fata.
19:01 of 2nd period - Wrist shot by Colin Wilson.
19:01 of 2nd period - Shot Blocked by Travis Hamonic.
19:26 of 2nd period - Yann Sauvé is hit by Derek Meech and loses puck.
19:39 of 2nd period - Steve Eminger is hit by Kevin Porter.
19:50 of 2nd period - Alexander Semin is hit by Taylor Pyatt and loses puck.
Goals for this period are 0 for Blues vs 2 for Flames.
Shots for this period are 1 for Blues vs 5 for Flames.
3rd period
0:01 of 3rd period - Joe Pavelski wins face-off versus Eric Staal in neutral zone.
0:13 of 3rd period - Derek Meech is hit by Drew Fata and loses puck.
0:26 of 3rd period - Jordin Tootoo is hit by Sergei Shirokov and loses puck.
1:17 of 3rd period - Snap shot by Taylor Pyatt.
1:17 of 3rd period - Shot Misses the Net.
1:19 of 3rd period - Slapshot by Jake Gardiner.
1:19 of 3rd period - Deflect By Darren Reid.
1:19 of 3rd period - Stopped by Craig Anderson with a rebound.
1:31 of 3rd period - Slapshot by Tomas Kaberle.
1:31 of 3rd period - Shot Blocked by Drew Fata.
1:33 of 3rd period - Wrist shot by Cam Janssen.
1:33 of 3rd period - Stopped by Tuukka Rask without a rebound.
1:34 of 3rd period - Nicklas Backstrom wins face-off versus Colin Wilson in Blues zone.
1:34 of 3rd period - Nicklas Backstrom is hit by Brad Marchand.
1:37 of 3rd period - Minor Penalty to David Perron for Interference.
1:38 of 3rd period - Eric Staal wins face-off versus Nik Antropov in Blues zone.
1:41 of 3rd period - Minor Penalty to Eric Staal for Hooking.
1:42 of 3rd period - Jordin Tootoo wins face-off versus Travis Zajac in Flames zone.
3:33 of 3rd period - Guillaume Latendresse is hit by Steve Regier and loses puck.
3:37 of 3rd period - Penalty to David Perron is over, David Perron is back on ice.
3:41 of 3rd period - Penalty to Eric Staal is over, Eric Staal is back on ice.
3:48 of 3rd period - Slapshot by Alex Pietrangelo.
3:48 of 3rd period - Stopped by Craig Anderson without a rebound.
3:49 of 3rd period - Nik Antropov wins face-off versus Patrik Berglund in Flames zone.
4:15 of 3rd period - Slapshot by Steve Regier.
4:15 of 3rd period - Shot Blocked by Taylor Pyatt.
4:17 of 3rd period - Wrist shot by Tomas Kaberle.
4:17 of 3rd period - Stopped by Tuukka Rask with a rebound.
4:19 of 3rd period - Snap shot by Erik Johnson.
4:19 of 3rd period - Shot Misses the Net.
4:33 of 3rd period - Wrist shot by Alexander Semin.
4:33 of 3rd period - Stopped by Tuukka Rask with a rebound.
4:49 of 3rd period - Snap shot by Guillaume Latendresse.
4:49 of 3rd period - Deflect By Travis Zajac.
4:49 of 3rd period - Shot Misses the Net.
4:49 of 3rd period - Puck is out of play.
4:50 of 3rd period - Travis Zajac wins face-off versus Patrik Berglund in Flames zone.
5:01 of 3rd period - Wrist shot by Jordin Tootoo.
5:01 of 3rd period - Shot Blocked by Drew Fata.
5:03 of 3rd period - Wrist shot by Patrik Berglund.
5:03 of 3rd period - Stopped by Tuukka Rask without a rebound.
5:04 of 3rd period - Eric Staal wins face-off versus Nicklas Backstrom in Blues zone.
5:17 of 3rd period - Wrist shot by Joe Pavelski.
5:17 of 3rd period - Stopped by Craig Anderson without a rebound.
5:18 of 3rd period - Nicklas Backstrom wins face-off versus Eric Staal in Flames zone.
5:27 of 3rd period - Slapshot by Alex Pietrangelo.
5:27 of 3rd period - Deflect By Joe Pavelski.
5:27 of 3rd period - Shot Blocked by Steve Eminger.
5:27 of 3rd period - Puck is out of play.
5:28 of 3rd period - Nicklas Backstrom wins face-off versus Eric Staal in Flames zone.
5:51 of 3rd period - Snap shot by Nicklas Backstrom.
5:51 of 3rd period - Deflect By David Perron.
5:51 of 3rd period - Stopped by Craig Anderson without a rebound.
5:52 of 3rd period - Travis Zajac wins face-off versus Patrik Berglund in Flames zone.
5:55 of 3rd period - Snap shot by Travis Zajac.
5:55 of 3rd period - Deflect By Jordin Tootoo.
5:55 of 3rd period - Shot Misses the Net.
5:55 of 3rd period - Puck is out of play.
5:56 of 3rd period - Patrik Berglund wins face-off versus Sergei Shirokov in Flames zone.
5:58 of 3rd period - Minor Penalty to Tomas Kaberle for Hooking.
5:59 of 3rd period - Nicklas Backstrom wins face-off versus Marcel Goc in Flames zone.
6:05 of 3rd period - Wrist shot by Alex Pietrangelo.
6:05 of 3rd period - Shot Blocked by Ron Hainsey.
6:15 of 3rd period - Snap shot by Jordin Tootoo.
6:15 of 3rd period - Stopped by Tuukka Rask without a rebound.
6:16 of 3rd period - Nicklas Backstrom wins face-off versus Marcel Goc in Blues zone.
6:23 of 3rd period - Slapshot by Alex Pietrangelo.
6:23 of 3rd period - Shot Blocked by Ron Hainsey.
6:51 of 3rd period - Wrist shot by Alex Pietrangelo.
6:51 of 3rd period - Stopped by Craig Anderson without a rebound.
6:52 of 3rd period - Eric Staal wins face-off versus Joe Pavelski in Flames zone.
7:32 of 3rd period - Icing by Travis Hamonic.
7:33 of 3rd period - Marcel Goc wins face-off versus Travis Zajac in Blues zone.
7:58 of 3rd period - Penalty to Tomas Kaberle is over, Tomas Kaberle is back on ice.
8:19 of 3rd period - Brad Marchand is hit by Tomas Kopecky and loses puck.
8:42 of 3rd period - Snap shot by Alex Pietrangelo.
8:42 of 3rd period - Deflect By Taylor Pyatt.
8:42 of 3rd period - Shot Misses the Net.
8:42 of 3rd period - Puck is out of play.
8:43 of 3rd period - Eric Staal wins face-off versus Nicklas Backstrom in Flames zone.
9:17 of 3rd period - Travis Zajac is hit by Marcel Goc and loses puck.
9:28 of 3rd period - Snap shot by Jordin Tootoo.
9:28 of 3rd period - Stopped by Tuukka Rask without a rebound.
9:29 of 3rd period - Patrik Berglund wins face-off versus Nik Antropov in Blues zone.
9:42 of 3rd period - Snap shot by Nik Antropov.
9:42 of 3rd period - Stopped by Craig Anderson with a rebound.
9:44 of 3rd period - Slapshot by Drew Fata.
9:44 of 3rd period - Shot Misses the Net.
9:56 of 3rd period - Eric Staal is hit by Nicklas Backstrom and loses puck.
10:04 of 3rd period - Minor Penalty to Nicklas Backstrom for Interference.
10:05 of 3rd period - Nik Antropov wins face-off versus Eric Staal in Blues zone.
10:05 of 3rd period - Nik Antropov is hit by Alexander Semin.
10:18 of 3rd period - Wrist shot by Eric Staal.
10:18 of 3rd period - Shot Misses the Net.
10:20 of 3rd period - Slapshot by Erik Johnson.
10:20 of 3rd period - Deflect By David Backes.
10:20 of 3rd period - Stopped by Tuukka Rask with a rebound.
10:22 of 3rd period - Snap shot by David Backes.
10:22 of 3rd period - Goal by David Backes - Blues : 2 - Flames : 3.
10:23 of 3rd period - Nicklas Backstrom wins face-off versus Eric Staal in neutral zone.
10:57 of 3rd period - Slapshot by Steve Eminger.
10:57 of 3rd period - Deflect By Mark Bell.
10:57 of 3rd period - Shot Misses the Net.
10:57 of 3rd period - Puck is out of play.
10:58 of 3rd period - Travis Zajac wins face-off versus Patrik Berglund in Blues zone.
11:05 of 3rd period - Slapshot by Sergei Shirokov.
11:05 of 3rd period - Stopped by Craig Anderson with a rebound.
11:12 of 3rd period - Slapshot by Travis Zajac.
11:12 of 3rd period - Stopped by Craig Anderson without a rebound.
11:13 of 3rd period - David Perron wins face-off versus David Backes in Flames zone.
11:40 of 3rd period - Jordin Tootoo is hit by Sergei Shirokov and loses puck.
11:48 of 3rd period - Minor Penalty to Jordin Tootoo for Holding.
11:49 of 3rd period - Marcel Goc wins face-off versus Nicklas Backstrom in Flames zone.
12:15 of 3rd period - Travis Zajac is hit by Ron Hainsey and loses puck.
13:44 of 3rd period - Travis Zajac is hit by Steve Eminger and loses puck.
13:48 of 3rd period - Penalty to Jordin Tootoo is over, Jordin Tootoo is back on ice.
14:19 of 3rd period - Wrist shot by Alex Pietrangelo.
14:19 of 3rd period - Stopped by Craig Anderson with a rebound.
14:25 of 3rd period - Snap shot by Kevin Porter.
14:25 of 3rd period - Shot Blocked by Tomas Kaberle.
14:27 of 3rd period - Wrist shot by Darren Reid.
14:27 of 3rd period - Stopped by Craig Anderson without a rebound.
14:28 of 3rd period - Eric Staal wins face-off versus Nik Antropov in Flames zone.
14:33 of 3rd period - Paul Kariya is hit by Alexander Semin.
14:53 of 3rd period - Derek Meech is hit by Yann Sauvé and loses puck.
15:12 of 3rd period - Derek Meech is hit by Sergei Shirokov.
15:54 of 3rd period - Minor Penalty to Steve Regier for High sticking.
15:55 of 3rd period - Nicklas Backstrom wins face-off versus Marcel Goc in Flames zone.
17:54 of 3rd period - Penalty to Steve Regier is over, Steve Regier is back on ice.
18:04 of 3rd period - Taylor Pyatt is hit by Eric Staal and loses puck.
18:11 of 3rd period - Snap shot by Erik Johnson.
18:11 of 3rd period - Stopped by Tuukka Rask with a rebound.
18:13 of 3rd period - Snap shot by Erik Johnson.
18:13 of 3rd period - Stopped by Tuukka Rask with a rebound.
18:15 of 3rd period - Slapshot by Eric Staal.
18:15 of 3rd period - Shot Blocked by Darren Reid.
18:17 of 3rd period - Snap shot by Jordin Tootoo.
18:17 of 3rd period - Stopped by Tuukka Rask without a rebound.
18:18 of 3rd period - Patrik Berglund wins face-off versus Nik Antropov in Blues zone.
18:21 of 3rd period - Wrist shot by Mark Bell.
18:21 of 3rd period - Shot Blocked by Yann Sauvé.
18:45 of 3rd period - Minor Penalty to Jake Gardiner for Elbowing.
18:46 of 3rd period - Eric Staal wins face-off versus Nik Antropov in Blues zone.
18:51 of 3rd period - Slapshot by Eric Staal.
18:51 of 3rd period - Stopped by Tuukka Rask without a rebound.
18:52 of 3rd period - Claude Julien call a timeout for Blues.
18:52 of 3rd period - Nik Antropov wins face-off versus Eric Staal in Blues zone.
19:17 of 3rd period - Slapshot by Erik Johnson.
19:17 of 3rd period - Stopped by Tuukka Rask without a rebound.
19:18 of 3rd period - Nik Antropov wins face-off versus Patrik Berglund in Blues zone.
19:59 of 3rd period - Sergei Shirokov is hit by Patrik Berglund and loses puck.
Goals for this period are 0 for Blues vs 1 for Flames.
Shots for this period are 10 for Blues vs 13 for Flames.
Back to the Top